 Dungeon Crawl Stone Soup version 0.28-a0-309-gf6d37e6e1d (webtiles) character file.

Game seed: 9512523121963841957

36 McIrco the Cutter (level 3, -1/24 HPs)
             Began as a Kobold Berserker on Aug 30, 2021.
             Was a Follower of Trog.
             Slain by Sigmund (3 damage)
             ... on level 2 of the Dungeon.
             The game lasted 00:01:32 (1560 turns).

McIrco the Cutter (Kobold Berserker)                Turns: 1560, Time: 00:01:33

Health: -1/24      AC:  2    Str: 15    XL:     3   Next: 57%
Magic:  3/3        EV: 15    Int:  8    God:    Trog [*.....]
Gold:   39         SH:  0    Dex: 14    Spells: 2/2 levels left

rFire   . . .      SeeInvis .   a - +0 short sword
rCold   . . .      Faith    .   (shield restricted)
rNeg    . . .      Spirit   .   b - +0 animal skin
rPois   .          Reflect  .   (no helmet)
rElec   .          Harm     .   (no cloak)
rCorr   .          Rampage  .   (no gloves)
Will    .....                   (no boots)
Stlth   ++........              (no amulet)
HPRegen 0.08/turn               (no ring)
MPRegen 0.08/turn               (no ring)

@: confused, on berserk cooldown, slowed, very slow
A: small, no large weapons, nightstalker 3
a: Renounce Religion, Berserk


You were on level 2 of the Dungeon.
You worshipped Trog.
Trog was aware of your devotion.
You visited 1 branch of the dungeon, and saw 2 of its levels.

You collected 39 gold pieces.

Inventory:

Hand Weapons
 a - a +0 short sword (weapon)
Armour
 b - a +0 animal skin (worn)
Scrolls
 c - a scroll of magic mapping {unknown}
 d - a scroll of immolation {unknown}
 f - a scroll of acquirement {unknown}
Potions
 e - 2 potions of brilliance {unknown}


   Skills:
 + Level 4.0 Fighting
 + Level 4.7 Short Blades
 + Level 1.6 Armour
 + Level 2.8 Dodging


You had 2 spell levels left.
You didn't know any spells.
Your spell library was empty.

Dungeon Overview and Level Annotations

Branches:
Dungeon (2/15)

Altars:

Annotations:
D:2 Sigmund


Innate Abilities, Weirdness & Mutations

You are small and have problems with some larger weapons.
You are completely attuned to the shadows.


Message History

You hit Sigmund.
Sigmund is almost dead.
You closely miss Sigmund.
Sigmund is almost dead.
Sigmund casts a spell at you. The puff of flame hits you.
You closely miss Sigmund.
Sigmund is almost dead.
You completely miss Sigmund.
Sigmund is almost dead.
Sigmund casts a spell.
Sigmund flickers and vanishes!
Deactivating autopickup; reactivate with Ctrl-A.
You miss something. You miss something. You miss something. Something hits you.
You miss something. You hit something. You hit something. Something hits you.
You hit something but do no damage. You hit something but do no damage.
Something hits you.
You miss something. You closely miss something. You closely miss something.
Something hits you.
You hit something but do no damage. You puncture something! Something hits you!
* * * LOW HITPOINT WARNING * * *
You hit something.
You are no longer berserk.
You are exhausted.
You feel yourself slow down.
You hit something.
You hear some strange, mumbled words.
You are confused.
You're too confused to move!
You hear some strange, mumbled words.
You are more confused.
Something barely misses you. Something hits you.
You die...

#######
.....##......
.....##..{...
......##......
......##.@....
..............
......##......
.....#######.#
......# .#
......#
......#
......#
......####


There were no monsters in sight!

Vanquished Creatures
  A gnoll (D:1)
  2 bats
  3 endoplasms (D:1)
  2 giant cockroaches
  3 goblins (D:1)
  2 hobgoblins (D:1)
  5 kobolds (D:1)
  A quokka (D:1)
  2 ball pythons (D:1)
  A frilled lizard (D:1)
  2 rats (D:1)
24 creatures vanquished.

Notes
Turn   | Place    | Note
-------+----------+-------------------------------------------
     0 | D:1      | McIrco the Kobold Berserker began the quest for the Orb.
     0 | D:1      | Reached XP level 1. HP: 14/14 MP: 1/1
   189 | D:1      | Reached XP level 2. HP: 14/19 MP: 2/2
   887 | D:1      | Reached XP level 3. HP: 13/24 MP: 3/3
  1530 | D:2      | Noticed Sigmund
  1560 | D:2      | Slain by Sigmund

Illustrated notes

Levels and vault maps discovered:
D:1:      lightli_arrival_windingriver, layout_rooms
D:2:      layout_rooms, uniq_sigmund, uniq_robin

Skill      XL: |  1  2  3 |
---------------+----------+-----
Fighting       | 4 |  4.0
Short Blades   | |  4.7
Armour         | |  1.6
Dodging        | |  2.8

Action                   || total
-------------------------++-------
Melee: Short sword       ||   115
Invok: Berserk           ||     3
 Stab: Sleeping          ||     1
Armor: Animal skin       ||    15
Dodge: Dodged            ||    71

Table legend: (Time is in decaauts)
 A = Elapsed time spent in this place.
 B = Non-inter-level travel time spent in this place.
 C = Inter-level travel time spent in this place.
 D = Time resting spent in this place.
 E = Time spent auto-exploring this place.
 F = Levels seen in this place.
 G = Mean time per level.
                   A        B        C        D        E       F      G
               +--------+--------+--------+--------+--------+-----+--------+
         Total |   1576 |   1546 |     30 |     32 |   1324 |   2 |  788.0 |
       Dungeon |   1576 |   1546 |     30 |     32 |   1324 |   2 |  788.0 |
               +--------+--------+--------+--------+--------+-----+--------+

Top non-repeatable levels by time:
     D:1: 1446 daAuts
     D:2: 129 daAuts
